 Dungeon Crawl Stone Soup version 0.29.1-12-g30fa7ad0bf (webtiles) character file.

Game seed: 10178299116093346532

1466373 sovolta the Conqueror (level 27, 244/267 (273) HPs)
             Began as a Minotaur Berserker on Dec 27, 2022.
             Was a High Priest of Trog.
             Escaped with the Orb
             ... and 3 runes on Dec 30, 2022!
             The game lasted 15:41:17 (96995 turns).

sovolta the Conqueror (Minotaur Berserker)         Turns: 96995, Time: 15:41:17

HP:   244/267 (273) AC: 41    Str: 23    XL:     27
MP:   28/28         EV: 19    Int:  4    God:    Trog [*****.]
Gold: 5240          SH: 31    Dex: 19    Spells: 26/26 levels left

rFire   + + +      SeeInvis .   a - +7 war axe of Change {vorpal, rPois}
rCold   + . .      Faith    .   D - +0 tower shield
rNeg    + . .      Spirit   .   A - +1 gold dragon scales
rPois   +          Reflect  +   (helmet unavailable)
rElec   +          Harm     .   q - +2 cloak {Will+}
rCorr   .          Rampage  .   B - +3 pair of gauntlets of War {Slay+5}
Will    +++..                   N - +2 pair of boots {Fly}
Stlth   ..........              H - amulet of reflection
HPRegen 0.54/turn               R - ring "Itoyth" {+Blink rElec rN+ MP+9}
MPRegen 0.21/turn               J - ring of protection from fire

@: flying, studying Short Blades, lightly drained
A: horns 3, retaliatory headbutt, hooves 1, dopey 1, fire resistance 1, low MP
1, screaming 1, weak 1, no potion heal 1, subdued magic 1
0: Orb of Zot
}: 3/15 runes: serpentine, barnacled, silver
a: Renounce Religion, Evoke Blink, Berserk, Trog's Hand, Brothers in Arms


You escaped.
You worshipped Trog.
Trog was extremely pleased with you.
You visited 9 branches of the dungeon, and saw 47 of its levels.
You visited the Abyss 1 time.
You visited 1 bazaar.
You also visited: Trove, Gauntlet, Volcano and Wizlab.

You collected 10319 gold pieces.
You spent 5079 gold pieces at shops.

Inventory:

Hand Weapons
 a - the +7 war axe of Change (weapon) {vorpal, rPois}
   (You found it on level 1 of the Lair of Beasts)

   It inflicts extra damage upon your enemies.
   rPois:     It protects you from poison.
 b - a +9 antimagic broad axe
 T - the +8 war axe of Distraction {flame, Str+5}
   (Trog gifted it to you on level 4 of the Vaults)

   It burns those it strikes, dealing additional fire damage.
   Big, fiery blades are also staple armaments of hydra-hunters.
   Str:       It affects your strength (+5).
Armour
 o - +3 storm dragon scales
 q - a +2 cloak of willpower (worn)
 A - +1 gold dragon scales (worn)
 B - the +3 pair of gauntlets of War (worn) {Slay+5}
   (You bought it in a shop in a bazaar)

   Slay:      It affects your accuracy & damage with ranged weapons and melee
   (+5).
 D - a +0 tower shield (worn)
 L - the +2 hat of Waorhuer {rN+ Int+4 SInv}
   (You found it on level 4 of the Snake Pit)

   Int:       It affects your intelligence (+4).
   rN:        It protects you from negative energy.
   SInv:      It lets you see invisible.
 N - a +2 pair of boots of flying (worn)
Jewellery
 h - a ring of poison resistance
 i - a ring of resist corrosion
 l - a +4 ring of evasion
 m - a ring of positive energy
 u - a ring of see invisible
 y - a ring of willpower
 z - a ring of magical power
 E - a +6 ring of strength
 H - an amulet of reflection (around neck)
 J - a ring of protection from fire (right hand)
 K - a ring of willpower
 O - a +4 ring of protection
 R - the ring "Itoyth" (left hand) {+Blink rElec rN+ MP+9}
   (You took it off a deep elf high priest on level 3 of the Elven Halls)

   [ring of positive energy]

   rElec:     It insulates you from electricity.
   rN:        It protects you from negative energy.
   MP:        It affects your magic capacity (+9).
   +Blink:    It lets you blink.
 S - a ring of protection from cold
 Z - a +4 ring of slaying
Wands
 r - a wand of charming (48) (quivered)
 x - a wand of flame (45)
 C - a wand of light (54)
 G - a wand of mindburst (33)
 V - a wand of roots (34)
 Y - a wand of polymorph (26)
Scrolls
 c - 21 scrolls of teleportation
 k - 4 scrolls of magic mapping
 n - 9 scrolls of fog
 p - 7 scrolls of blinking
 P - 11 scrolls of fear
 Q - a scroll of silence
 X - 3 scrolls of enchant weapon
Potions
 d - 12 potions of heal wounds
 e - 9 potions of mutation
 f - 22 potions of curing
 g - 6 potions of resistance
 j - 3 potions of invisibility
 s - 9 potions of lignification
 v - a potion of berserk rage
 w - 4 potions of might
 F - 8 potions of haste
 I - 10 potions of cancellation
 M - 5 potions of magic
 W - 9 potions of flight


   Skills:
 O Level 27 Fighting
 - Level 16.0 Axes
 O Level 27 Armour
 * Level 25.9 Dodging
 O Level 27 Shields
 + Level 17.5 Evocations


You had 26 spell levels left.
You didn't know any spells.
Your spell library contained the following spells:

 Spells                   Type           Power      Damage    Failure   Level
 Apportation              Tloc           0%         N/A       99%         1
 Necrotise                Necr           0%         1d4       99%         1
 Summon Small Mammal      Summ           0%         N/A       99%         1


Dungeon Overview and Level Annotations

Branches:
Dungeon (15/15)            Temple (0/1) D:6            Lair (5/5) D:8
 Shoals (4/4) Lair:2        Snake (4/4) Lair:3        Slime (0/5) Lair:5
    Orc (2/2) D:9             Elf (3/3) Orc:2        Vaults (5/5) D:14
  Crypt (0/3) Vaults:3     Depths (4/4) D:15            Zot (5/5) Depths:4
Volcano (visited)          WizLab (visited)         Gauntlet (visited)

Altars:
Ashenzari
Dithmenos
Elyvilon
Hepliaklqana
Kikubaaqudgha
Makhleb
Nemelex Xobeh
Okawaru
Trog
Vehumet
Wu Jian
Yredelemnul
Zin
Jiyva

Shops:
D:3 ?   D:7 =   D:10 **   Orc:2 =*!?   Elf:3 =(   Vaults:3 [   Vaults:4 !

Portals:
Hell: Depths:1 Depths:2 Depths:3 Depths:4
Abyss: Depths:2 Depths:3 Depths:4
Pandemonium: Depths:2
Ziggurat: Depths:1

Annotations:
Lair:2 exclusion: 4 oklob plants
Depths:4 6 runed translucent doors, Vium's ghost, adept DrTm
Zot:5 6 transporters


Innate Abilities, Weirdness & Mutations

You have a pair of large horns on your head.
You reflexively headbutt those who attack you in melee.
You have large cloven feet.
You are dopey. (Int -2)
Your flesh is heat resistant. (rF+)
Your magical capacity is low. (-10% MP)
You occasionally shout uncontrollably at your foes.
You are weak. (Str -2)
Potions are less effective at restoring your health.
Your spells are a little easier to cast, but a little less powerful.


Message History

A rock wall.
This square is covered in magical glow.
The rock shatters into small pieces.
A Hevox, a smoke demon, a ynoxinul and a rust devil come into view.
You slice the ynoxinul!! Your headbutt misses the ynoxinul.
The ynoxinul is almost dead.
You slice the ynoxinul!!
You kill the ynoxinul!
Trog accepts your kill.
You are no longer corroded.
There is a stone staircase leading up here.
You block Hevox's attack.
You fly upwards.
There is a stone staircase leading down here.
Hevox completely misses you. You furiously retaliate!
You headbutt Hevox. Hevox hits you but does no damage.
You feel yourself speed up. You block Hevox's attack. Hevox gestures at you.
The sphere of damnation explodes!
The damnation engulfs you!!
Hevox gestures.
Hevox gestures at you.
The sphere of damnation explodes!
The damnation engulfs you!!
There is an escape hatch in the ceiling here.
A mysterious force pulls you upwards. The hatch slams shut behind you.
As you read the scroll of teleportation, it crumbles to dust.
You feel strangely unstable.
You feel the Orb delaying your translocation!
Your surroundings suddenly seem different.
Your extra speed is starting to run out.
Aiming: Bolt of Light
Press: ? - help, Shift-Dir - straight line
Aiming: Dig
Press: ? - help, Shift-Dir - straight line You can't see that place. [the floor.]
The rock shatters into small pieces.
The now-empty wand crumbles to dust.
You feel yourself slow down.
There is an open door here.
There is a staircase leading out of the dungeon here.
You have escaped!

....# #.....#.....###..##...####
....# #.....#.....#[#...........
....# #.....#.....##.##.....####
.#### #.....#.......#.#...>.....
.# #.....#.......##.##...#### .#
####.##.........#.#....... ##
#.##......#..##.####...
###########.##.###).##...#...#.##
..........#.##.'@+..###..#...#...
............##.###..##...#...#.##
..........#.........#..##.####.#.
..........#.##..###....#.#.....#'
..........#..........##.##.......
.)........#..........#.#.........
.##########........##.##..#......
.# #..[.....#.#...##...... .#
####)######.###...########


There were no monsters in sight!

Vanquished Creatures
  A dread lich (Vaults:5)
  4 ancient liches
  9 orbs of fire
  2 juggernauts
  Sojobo (Depths:1)
  A Killer Klown (Zot:5)
  Margery (Depths:4)
  5 caustic shrikes (Depths:2)
  The ghost of Faydane the Hoplite, a veteran HuFi of the Shining One (Vaults:1)
  The ghost of Faydane the Hoplite, a veteran HuFi of the Shining One (Vaults:1)
  The ghost of Zonian the Slayer, an adept HOFi of Beogh (Vaults:1)
  Nikola (Shoals:4)
  A profane servitor (Depths:3)
  6 golden dragons
  2 doom hounds (Zot:3)
  4 electric golems
  A Tzitzimitl (Zot:3)
  Rupert (D:13)
  24 tentacled monstrosities
  Jorgrun (D:14)
  The ghost of donbex the Peltast, an adept MiFi of Okawaru (Vaults:1)
  4 liches
  Asterion (Snake:4)
  Mlioglotl (Snake:1)
  Grunn (Zot:3)
  22 Orb Guardians (Zot:5)
  The ghost of Yloucecuu the Ninja, a veteran SpEn of Dithmenos (Vaults:1)
  12 titans
  A walking divine tome (Depths:2)
  A walking frostbound tome (Depths:2)
  3 deep elf master archers (Elf:3)
  2 deep elf blademasters
  6 quicksilver dragons
  8 sphinxes
  9 death cobs
  Frances (D:13)
  2 tentacled starspawn
  5 tengu reavers
  9 shadow dragons
  Agnes (Snake:4)
  20 storm dragons
  A rockslime (Zot:5)
  4 draconian knights
  A fenstrider witch (Shoals:1)
  7 draconian monks
  17 nagarajas
  16 vault wardens
  10 deep elf sorcerers
  2 ghost moths (Zot:5)
  5 draconian scorchers
  2 cacodemons
  6 fire giants
  7 draconian shifters
  2 iron dragons (Depths:3)
  A ghost moth (shapeshifter) (Vaults:5)
  16 frost giants
  4 draconian stormcallers
  31 very ugly things
  5 spriggan defenders
  6 draconian annihilators
  20 ironbound preservers
  11 deep elf elementalists
  A reaper (Zot:3)
  5 war gargoyles
  11 ironbound thunderhulks
  6 vampire knights
  12 black draconians
  19 green draconians
  3 deep elf demonologists
  31 stone giants
  17 white draconians
  4 dire elephants
  7 deep elf annihilators
  A putrid mouth (Zot:3)
  2 entropy weavers
  A bunyip (shapeshifter) (Vaults:3)
  2 minotaurs (Shoals:4)
  15 red draconians
  12 ettins
  16 yellow draconians
  10 spark wasps
  14 purple draconians
  11 deep elf death magi
  The ghost of Voffim the Ninja, a journeyman SpAE of Dithmenos (Snake:4)
  2 crystal guardians
  3 jiangshi
  2 great orbs of eyes
  Josephine (Shoals:1)
  3 merfolk impalers (Shoals:3)
  The ghost of ripuliukko the Thaumaturge, a journeyman GrEE of Vehumet (Lair:2)
  14 deep elf high priests
  17 yaktaur captains
  A rakshasa (Depths:2)
  14 fire dragons
  7 boulder beetles
  7 spriggan air magi
  Erolcha (D:11)
  14 ice dragons
  2 merfolk avatars (Shoals:2)
  7 anacondas
  6 hydras
  A peacekeeper (Vaults:4)
  35 vault guards
  10 ironbound frosthearts
  5 ogre magi
  18 two-headed ogres
  16 centaur warriors
  2 alligator snapping turtles
  12 death yaks
  A fenstrider witch skeleton (Abyss:2)
  3 merfolk aquamancers
  25 dancing weapons
  17 naga warriors
  8 deep troll shamans
  7 tengu warriors
  10 deep troll earth magi
  15 satyrs
  3 shock serpents
  4 spriggan berserkers
  2 hell hogs (Depths:1)
  15 naga sharpshooters
  Urug (D:10)
  A vampire mage (Depths:2)
  18 hell knights
  19 deep elf knights
  A soul eater (Vaults:3)
  A fire crab (shapeshifter) (Vaults:5)
  A sun demon (Depths:3)
  2 wretched stars (Abyss:2)
  A titan skeleton (Depths:2)
  A fire crab (Lair:3)
  9 sea snakes
  A skeletal warrior (D:11)
  9 iron trolls
  2 shadow wraiths
  A storm dragon skeleton (Depths:2)
  A goliath frog (shapeshifter) (Vaults:5)
  10 glowing orange brains
  3 salamander mystics
  8 wizards
  7 flayed ghosts
  5 phantasmal warriors
  An orange crystal statue (Zot:5)
  66 deep trolls
  10 naga ritualists
  15 ironbound convokers
  12 deep elf archers
  Pikel (D:7)
  25 harpies
  8 lindwurms
  7 necromancers
  19 deep elf pyromancers
  3 mana vipers (shapeshifter)
  8 mana vipers
  2 orc knights
  28 deep elf zephyrmancers
  A wolf spider zombie (D:15)
  A frost giant zombie (Depths:2)
  3 oklob plants (Lair:2)
  33 moths of wrath
  52 ugly things
  11 starcursed masses
  A wolf spider (shapeshifter) (Depths:3)
  30 manticores
  16 fauns
  9 cyclopes
  13 salamanders
  5 merfolk sirens
  A moth of wrath (shapeshifter) (Depths:4)
  17 elephants
  5 eyes of devastation (WizLab)
  A toenail golem (D:13)
  2 torpor snails
  17 naga magi
  15 vault sentinels
  42 black mambas
  Maurice (D:8)
  A rust devil (D:3)
  An orange demon (Abyss:2)
  5 water nymphs
  7 guardian serpents
  An eye of devastation (shapeshifter) (Vaults:5)
  A gargoyle (D:12)
  3 smoke demons
  10 cane toads
  The ghost of jaiteiro the Conjurer, a novice GnCj (D:5)
  A hellion (Depths:1)
  4 rime drakes
  A demonic crawler (Lair:3)
  2 unseen horrors
  4 kobold demonologists
  4 tengu conjurers
  2 efreet
  41 yaktaurs
  4 komodo dragons
  An ancient zyme (Abyss:2)
  A freezing wraith (Vaults:5)
  A queen bee (Lair:2)
  A harpy zombie (D:15)
  A queen bee (shapeshifter) (D:14)
  13 trolls
  21 merfolk
  A meliai (shapeshifter) (Vaults:5)
  5 hornets
  11 polar bears
  9 snapping turtles
  A tarantella (shapeshifter) (Depths:1)
  9 wind drakes
  19 slime creatures
  7 blink frogs
  3 meliai (D:14)
  7 raiju (Abyss:2)
  12 dream sheep
  A jumping spider (Vaults:2)
  3 air elementals
  A spriggan (shapeshifter) (Elf:3)
  3 spriggans
  A shadow (D:12)
  8 wraiths
  11 wyverns
  10 fire bats
  A vampire (D:9)
  An ettin skeleton (Abyss:2)
  A fire elemental (Elf:2)
  10 water elementals
  A yak (shapeshifter) (Elf:1)
  49 yaks
  2 ynoxinuls
  5 steam dragons
  10 humans (D:14)
  6 basilisks
  A neqoxec (WizLab)
  2 redbacks (Vaults:4)
  37 nagas
  9 vampire mosquitoes
  2 wargs (Orc:2)
  2 swamp worms (Lair:3)
  Menkaure (D:5)
  2 acid dragons
  6 large abominations (Abyss:2)
  A naga zombie (Abyss:2)
  2 floating eyes
  30 water moccasins
  A sky beast (D:7)
  11 orc warriors
  An ice beast (D:7)
  22 ogres
  7 black bears
  13 wolves
  A boggart (Lair:2)
  15 centaurs
  4 lemures
  4 kobold brigands
  A phantom (D:5)
  Blork the orc (D:5)
  10 bullfrogs
  2 gnoll sergeants
  4 necrophages
  4 scorpions
  4 wights (D:10)
  4 small abominations (Abyss:2)
  33 killer bees
  2 electric eels (Lair:2)
  3 howler monkeys
  7 lava snakes (Volcano)
  3 jellies
  A gnoll bouda (D:7)
  8 orc priests
  The ghost of
  112233 the Gusty, a weakling FeAE (D:3)
  A hound (D:4)
  5 iguanas
  19 orc wizards
  19 hell rats
  8 gnolls
  6 adders
  A river rat (D:6)
  A white imp (D:6)
  2 worms
  2 dart slugs
  70 orcs
  7 ball pythons
  10 endoplasms
  6 giant cockroaches
  8 goblins
  5 hobgoblins
  A jackal (D:1)
  8 quokkas
  7 bats
  4 frilled lizards
  17 kobolds
  8 rats
  A bush (Lair:2)
  A fungus (Lair:5)
  3 starspawn tentacles
2270 creatures vanquished.

Vanquished Creatures (collateral kills)
  An Orb Guardian (Zot:5)
  A deep elf blademaster (Elf:3)
  A draconian knight (Zot:4)
  Louise (D:14)
  A vault warden (Vaults:5)
  A draconian stormcaller (Zot:4)
  A deep elf elementalist (Elf:3)
  A draconian shifter (Zot:5)
  2 green draconians
  A deep elf annihilator (Elf:3)
  An ettin (Vaults:5)
  A deep elf death mage (Elf:3)
  A vault guard (Vaults:5)
  A merfolk avatar (Lair:5)
  3 death yaks (Lair:5)
  A manticore (Lair:5)
  A rime drake (Lair:5)
  A polar bear (Lair:5)
  A blink frog (Lair:5)
22 creatures vanquished.

Vanquished Creatures (others)
  A Killer Klown (Zot:4)
  2 nagarajas (Snake:4)
  A draconian stormcaller (Zot:1)
  Sonja (D:11)
  A spriggan (Depths:3)
  A harpy (Shoals:4)
  A manticore (Shoals:4)
  A faun (Shoals:4)
  A hornet (Depths:3)
  A naga (Snake:2)
  A kobold (D:12)
  9 demonic plants
  31 fungi
  2 lurking horrors (Abyss:2)
  153 plants
  3 starspawn tentacles
  28 withered plants
238 creatures vanquished.

Grand Total: 2530 creatures vanquished

Notes
Turn   | Place    | Note
-------+----------+-------------------------------------------
     0 | D:1      | sovolta the Minotaur Berserker began the quest for the Orb.
     0 | D:1      | Reached XP level 1. HP: 19/19 MP: 0/0
   215 | D:1      | Reached XP level 2. HP: 23/27 MP: 1/1
   406 | D:1      | Found a faded altar of an unknown god.
  1045 | D:1      | Reached XP level 3. HP: 33/33 MP: 2/2
  1236 | D:2      | Reached ** piety under Trog
  1823 | D:2      | Reached XP level 4. HP: 37/41 MP: 3/3
  2338 | D:3      | Found Xaqos's Magic Scroll Shop.
  2430 | D:3      | Found a transporter.
  2430 | D:3      | Noticed 112233's ghost (weakling FeAE)
  2807 | D:3      | Found a transporter.
  3069 | D:3      | Reached skill level 5 in Axes
  3069 | D:3      | Reached XP level 5. HP: 47/47 MP: 4/4
  3659 | D:4      | Found a glowing silver altar of Zin.
  4131 | D:4      | Noticed an ogre
  4144 | D:4      | Killed an ogre
  4145 | D:4      | Reached skill level 5 in Fighting
  4145 | D:4      | Reached XP level 6. HP: 56/56 MP: 5/5
  4472 | D:4      | Found a sparkling altar of Nemelex Xobeh.
  4495 | D:5      | Entered Level 5 of the Dungeon
  4495 | D:5      | Noticed Blork the orc
  4521 | D:5      | Noticed Menkaure
  4860 | D:5      | Killed Menkaure
  5076 | D:5      | Killed Blork the orc
  5077 | D:5      | Reached XP level 7. HP: 62/62 MP: 6/6
  5176 | D:5      | Found a basalt altar of Yredelemnul.
  5224 | D:5      | Noticed jaiteiro's ghost (novice GnCj)
  5418 | D:5      | Found a transporter.
  5421 | D:5      | Found a transporter.
  5529 | D:5      | Reached skill level 5 in Armour
  5556 | D:5      | Found a white marble altar of Elyvilon.
  5902 | D:3      | Killed 112233's ghost
  6049 | D:6      | Found a hazy altar of Hepliaklqana.
  6066 | D:5      | Reached XP level 8. HP: 71/71 MP: 7/7
  6424 | D:6      | Reached skill level 5 in Dodging
  6520 | D:6      | Found a staircase to the Ecumenical Temple.
  6705 | D:6      | Reached XP level 9. HP: 74/79 MP: 8/8
  7440 | D:6      | Reached *** piety under Trog
  7845 | D:6      | Identified a scroll of acquirement
  7845 | D:6      | Acquired 1271 gold pieces
  8111 | D:7      | Reached skill level 10 in Axes
  8239 | D:7      | Noticed Pikel
  8311 | D:7      | Killed Pikel
  9084 | D:7      | Found Pucop's Jewellery Emporium.
  9321 | D:8      | Found an iron altar of Okawaru.
  9690 | D:8      | Reached XP level 10. HP: 60/90 MP: 9/9
  9883 | D:8      | Found a bloodstained altar of Trog.
  9943 | D:8      | Noticed Maurice
  9962 | D:8      | Killed Maurice
 10058 | D:8      | Found an ancient bone altar of Kikubaaqudgha.
 10107 | D:8      | Noticed a death yak
 10112 | D:8      | Noticed a death yak
 10113 | D:8      | Noticed a death yak
 10114 | D:8      | Noticed a death yak
 10342 | D:7      | Killed a death yak
 10405 | D:8      | Noticed a death yak
 10438 | D:7      | Killed a death yak
 10484 | D:7      | Killed a death yak
 10634 | D:7      | Killed a death yak
 10712 | D:7      | Killed a death yak
 11174 | D:8      | Found a staircase to the Lair.
 11316 | Lair:1   | Entered Level 1 of the Lair of Beasts
 11370 | D:8      | Reached skill level 10 in Fighting
 11370 | D:8      | Reached XP level 11. HP: 53/99 MP: 10/10
 13041 | D:5      | Killed jaiteiro's ghost
 13071 | D:5      | Identified the +8 scale mail "Wuataeme" {Fly Int+4}
 13210 | D:9      | Identified the ring of Happiness {Wiz Str+2}
 13256 | D:9      | Reached skill level 10 in Armour
 13373 | D:9      | Acquired a ring of resist corrosion
 13570 | D:9      | Reached **** piety under Trog
 13659 | D:9      | Found a staircase to the Orcish Mines.
 13708 | D:9      | Noticed an eight-headed hydra
 13725 | D:9      | Killed an 11-headed hydra
 13902 | D:3      | Bought a scroll of identify for 28 gold pieces
 13902 | D:3      | Bought a scroll of identify for 28 gold pieces
 14427 | D:9      | Found a shadowy altar of Dithmenos.
 14651 | D:10     | Entered Level 10 of the Dungeon
 14696 | D:10     | Found Abbol Ocoi's General Store.
 14697 | D:10     | Found Patiodiq's Assorted Antiques.
 14705 | D:10     | Bought a potion of curing for 39 gold pieces
 15688 | D:10     | Bought a scroll of acquirement for 676 gold pieces
 15689 | D:10     | Acquired a +4 executioner's axe of venom
 15757 | Lair:1   | Found an ancient bone altar of Kikubaaqudgha.
 15849 | Lair:1   | Reached skill level 15 in Axes
 16206 | Lair:1   | Reached XP level 12. HP: 110/110 MP: 11/11
 16291 | Lair:1   | Identified the +7 war axe of Change {vorpal, rPois}
 16315 | Lair:1   | Reached skill level 10 in Dodging
 17181 | Lair:2   | Found a runed translucent door.
 17182 | Lair:2   | Identified the +7 spear "Goihoiwk" {speed, Will++ rCorr
                  | Int+3}
 17185 | Lair:2   | Noticed ripuliukko's ghost (journeyman GrEE)
 17194 | Lair:2   | Reached ***** piety under Trog
 17203 | Lair:2   | Paralysed by a floating eye for 3 turns
 17252 | Lair:2   | Found a gate leading to a gauntlet.
 17262 | Gauntlet | Entered a Gauntlet
 17262 | Gauntlet | Found a transporter.
 17281 | Gauntlet | Found a transporter.
 17299 | Gauntlet | Found a transporter.
 17303 | Gauntlet | Noticed a green death
 17307 | Gauntlet | Found a transporter.
 17325 | Gauntlet | Found a transporter.
 17345 | Gauntlet | Found a transporter.
 17357 | Gauntlet | Found a transporter.
 17369 | Gauntlet | Found a transporter.
 17513 | Lair:2   | Reached skill level 1 in Shields
 18314 | Lair:2   | Reached skill level 5 in Shields
 18845 | Lair:2   | Found a staircase to the Shoals.
 19229 | Lair:3   | Reached XP level 13. HP: 105/119 MP: 12/12
 19372 | Lair:3   | Received a gift from Trog
 19758 | Lair:3   | Found a staircase to the Snake Pit.
 21751 | Lair:4   | Received a gift from Trog
 21866 | Lair:4   | Reached ****** piety under Trog
 22376 | Lair:5   | Entered Level 5 of the Lair of Beasts
 22539 | D:10     | Bought a +2 scale mail of poison resistance for 234 gold
                  | pieces
 22539 | D:10     | Bought +0 fire dragon scales for 780 gold pieces
 22752 | Lair:5   | Reached XP level 14. HP: 127/133 MP: 13/13
 22834 | Lair:5   | Found a dark tunnel.
 22843 | Volcano  | Entered a volcano
 23035 | Volcano  | Reached skill level 10 in Shields
 23254 | Volcano  | Reached skill level 15 in Fighting
 23433 | Volcano  | Found a burning altar of Makhleb.
 23488 | Volcano  | Found a burning altar of Makhleb.
 23608 | Lair:5   | Received a gift from Trog
 24085 | Lair:5   | Found a staircase to the Slime Pits.
 24085 | Lair:5   | Found a viscous altar of Jiyva.
 24404 | Lair:5   | Identified the +4 mace of Sanwun {vamp, rC- rCorr Int+7}
 24964 | D:11     | Noticed Urug
 24972 | D:10     | Killed Urug
 25115 | D:11     | Noticed Sonja
 25390 | D:11     | Noticed Erolcha
 25424 | D:11     | Killed Erolcha
 25510 | D:11     | Killed Sonja
 25566 | D:11     | Found a runed translucent door.
 26132 | D:12     | Found a radiant altar of Vehumet.
 26232 | D:12     | Reached XP level 15. HP: 145/145 MP: 14/14
 26270 | D:12     | Identified the +1 leather armour "Nirayjut" {Int+3 Dex+4}
 27173 | Orc:1    | Entered Level 1 of the Orcish Mines
 27181 | D:9      | Received a gift from Trog
 27334 | Orc:2    | Entered Level 2 of the Orcish Mines
 27436 | Orc:2    | Found a burning altar of Makhleb.
 27933 | Orc:2    | Found Ithipic's General Store.
 28269 | Orc:2    | Found a staircase to the Elven Halls.
 28270 | Orc:2    | Found Jog Qupso's Jewellery Boutique.
 28290 | Orc:2    | Found Louttya's Distillery.
 28311 | Orc:2    | Bought a scroll of identify for 34 gold pieces
 28313 | Orc:2    | Found Tydwioga's Magic Scroll Boutique.
 28330 | Orc:2    | Bought a potion of heal wounds for 50 gold pieces
 28330 | Orc:2    | Bought a potion of heal wounds for 50 gold pieces
 28583 | Orc:1    | Found a burning altar of Makhleb.
 28842 | Orc:2    | Bought a ring of see invisible for 240 gold pieces
 28847 | Orc:2    | Bought a +1 pair of gloves of infusion for 280 gold pieces
 29002 | D:13     | Noticed Frances
 29014 | D:13     | Killed Frances
 29489 | D:13     | Found an iron altar of Okawaru.
 29505 | D:13     | Noticed Rupert
 29516 | D:13     | Killed Rupert
 29567 | D:13     | Received a gift from Trog
 30413 | D:14     | Noticed Louise
 30439 | D:14     | Killed Louise
 31004 | D:14     | Found a gate to the Vaults.
 31249 | D:14     | Noticed Jorgrun
 31276 | D:14     | Killed Jorgrun
 31277 | D:14     | Reached skill level 15 in Armour
 31953 | D:15     | Entered Level 15 of the Dungeon
 32156 | D:15     | Reached XP level 16. HP: 157/157 MP: 3/15
 32669 | D:15     | Found a staircase to the Depths.
 32772 | D:15     | Reached skill level 15 in Shields
 33126 | D:15     | Found an ornate altar of the Wu Jian Council.
 33572 | D:15     | Found a basalt altar of Yredelemnul.
 33951 | Lair:2   | Killed ripuliukko's ghost
 34041 | Snake:1  | Entered Level 1 of the Snake Pit
 34103 | Snake:1  | Noticed Mlioglotl
 34114 | Snake:1  | Killed Mlioglotl
 34641 | Snake:1  | Received a gift from Trog
 38439 | Snake:3  | Reached skill level 15 in Dodging
 38439 | Snake:3  | Reached XP level 17. HP: 164/170 MP: 0/16
 39283 | Snake:4  | Entered Level 4 of the Snake Pit
 39500 | Snake:4  | Received a gift from Trog
 39819 | Snake:4  | Noticed Asterion
 39851 | Snake:4  | Killed Asterion
 41714 | Snake:4  | Received a gift from Trog
 42565 | Snake:4  | Got a serpentine rune of Zot
 43223 | Snake:4  | Noticed Agnes
 43228 | Snake:4  | Killed Agnes
 43261 | Snake:4  | Found a transporter.
 43265 | Snake:4  | Noticed Voffim's ghost (journeyman SpAE)
 43294 | Snake:4  | Found a transporter.
 43329 | Snake:4  | Killed Voffim's ghost
 43337 | Snake:4  | Identified the +2 hat of Waorhuer {rN+ Int+4 SInv}
 43663 | Shoals:1 | Entered Level 1 of the Shoals
 43663 | Shoals:1 | Noticed Josephine
 43674 | Shoals:1 | Killed Josephine
 43679 | Shoals:1 | Reached XP level 18. HP: 182/182 MP: 1/17
 43990 | Shoals:1 | Received a gift from Trog
 44028 | Shoals:1 | Found a flickering gateway to a bazaar.
 44039 | Bazaar   | Entered a bazaar
 44039 | Bazaar   | Found Zigos's Weapon Boutique.
 44039 | Bazaar   | Found Jaung's Antique Armour Shop.
 44039 | Bazaar   | Found Kanoe's Weapon Shop.
 44047 | Bazaar   | Identified the +0 crystal plate armour "Texzoutul" {Harm
                  | rN++}
 44061 | Bazaar   | Bought the +3 pair of gauntlets of War {Slay+5} for 902
                  | gold pieces
 44061 | Bazaar   | Found the +3 pair of gauntlets of War {Slay+5}
 44090 | Bazaar   | Bought a spiked ring mail for 171 gold pieces
 44090 | Bazaar   | Identified the +1 ring mail of Uskayaw's Pride {Rampage rN+
                  | rCorr Str-5} (You bought it in a shop in a bazaar)
 44090 | Bazaar   | Bought a glowing scarf for 152 gold pieces
 45113 | Shoals:2 | Identified the +8 trident of Ipaaheaz {drain, rN++ Will+}
 46242 | Shoals:3 | Identified the +6 hand axe of Expedience {vorpal, rF- Dex+3
                  | Stlth+} (Trog gifted it to you on level 3 of the Shoals)
 46242 | Shoals:3 | Received a gift from Trog
 47348 | Shoals:4 | Entered Level 4 of the Shoals
 47654 | Shoals:4 | Received a gift from Trog
 47706 | Shoals:4 | Noticed Nikola
 47743 | Shoals:4 | Killed Nikola
 48403 | Shoals:4 | Identified the +8 triple sword of Kexe {vorpal, rC++ Int+4}
 48417 | Shoals:4 | Paralysed by a sphinx for 2 turns
 48661 | Shoals:4 | Got a barnacled rune of Zot
 49274 | Elf:1    | Entered Level 1 of the Elven Halls
 49289 | Elf:1    | Reached XP level 19. HP: 180/195 MP: 6/18
 49654 | Elf:1    | Paralysed by an air elemental for 1 turns
 49773 | Elf:1    | Received a gift from Trog
 50323 | Elf:1    | Paralysed by an air elemental for 1 turns
 50327 | Elf:1    | Paralysed by an air elemental for 1 turns
 50662 | Elf:2    | Paralysed by an air elemental for 1 turns
 50666 | Elf:2    | Paralysed by an air elemental for 1 turns
 50986 | Elf:2    | Found a huge runed translucent gate.
 50986 | Elf:2    | Found a huge runed translucent gate.
 50987 | Elf:2    | Found a huge runed translucent gate.
 50992 | Elf:2    | Found a huge runed translucent gate.
 50997 | Elf:2    | Found a huge runed translucent gate.
 51393 | Elf:2    | Received a gift from Trog
 52464 | Elf:3    | Entered Level 3 of the Elven Halls
 52763 | Elf:3    | Found Vafegokh's Weapon Emporium.
 52768 | Elf:3    | Found Rad Pewn's Jewellery Emporium.
 52869 | Elf:3    | Identified the +5 broad axe "Ciganom" {vorpal, Str+3} (Trog
                  | gifted it to you on level 3 of the Elven Halls)
 52869 | Elf:3    | Received a gift from Trog
 53671 | Elf:3    | Reached XP level 20. HP: 163/209 MP: 6/19
 54137 | Elf:3    | Identified the ring "Itoyth" {+Blink rElec rN+ MP+9}
 54238 | Elf:3    | Gained mutation: Your body sometimes deteriorates upon
                  | taking damage. [a neqoxec]
 54242 | Elf:3    | Identified the +0 hand axe of Irian {protect, rCorr Dex+5}
 54253 | Elf:3    | Received a gift from Trog
 55174 | Elf:3    | Identified the amulet "Nerot" {Acrobat Int+3}
 55194 | Elf:3    | Found the +10 Black Knight's barding {ponderous, rPois rN+}
 55261 | Elf:3    | Identified the +4 spear of Insufficient Pleasure {venom,
                  | Int+5}
 57187 | Vaults:1 | Entered Level 1 of the Vaults
 57722 | Vaults:1 | Received a gift from Trog
 58139 | Vaults:1 | Found a portal to a secret trove of treasure.
 58169 | Vaults:1 | Found a runed translucent gate.
 58169 | Vaults:1 | Found a runed translucent gate.
 58169 | Vaults:1 | Found a runed translucent gate.
 58169 | Vaults:1 | Noticed donbex's ghost (adept MiFi)
 58169 | Vaults:1 | Noticed Zonian's ghost (adept HOFi)
 58169 | Vaults:1 | Noticed Yloucecuu's ghost (veteran SpEn)
 58171 | Vaults:1 | Noticed Faydane's ghost (veteran HuFi)
 58171 | Vaults:1 | Noticed Faydane's ghost (veteran HuFi)
 59205 | Vaults:1 | Killed donbex's ghost
 59216 | Vaults:1 | Killed Faydane's ghost
 59220 | Vaults:1 | Killed Yloucecuu's ghost
 59243 | Vaults:1 | Killed Faydane's ghost
 59254 | Vaults:1 | Killed Zonian's ghost
 59265 | Vaults:1 | Identified the +0 scale mail of Jouset {rElec Str-3 Int+4}
 59624 | Vaults:1 | Received a gift from Trog
 60284 | Vaults:2 | Reached XP level 21. HP: 221/221 MP: 20/20
 60405 | Abyss:2  | Cast into level 2 of the Abyss (a wizard)
 60600 | Abyss:2  | Gained mutation: You are frail. (-10% HP) [a cacodemon]
 60606 | Abyss:2  | Gained mutation: You have hidden genetic defects. [a
                  | cacodemon]
 60825 | Abyss:2  | Received a gift from Trog
 60830 | Vaults:2 | Escaped the Abyss
 61914 | Vaults:2 | Gained mutation: You do not regenerate when monsters are
                  | visible. [hidden defects]
 62677 | D:13     | Lost mutation: You have hidden genetic defects. [potion of
                  | mutation]
 62677 | D:13     | Lost mutation: You are frail. (-10% HP) [potion of
                  | mutation]
 62677 | D:13     | Lost mutation: Your body sometimes deteriorates upon taking
                  | damage. [potion of mutation]
 62677 | D:13     | Gained mutation: Your body sometimes deteriorates upon
                  | taking damage. [potion of mutation]
 62677 | D:13     | Gained mutation: Your spells are a little harder to cast,
                  | but a little more powerful. [potion of mutation]
 63066 | Vaults:3 | Found a staircase to the Crypt.
 63177 | Vaults:3 | Found Qeok's Antique Armour Boutique.
 63691 | Vaults:3 | Received a gift from Trog
 63703 | Vaults:3 | Reached skill level 27 in Fighting
 64082 | Vaults:3 | Identified the +3 scale mail of the Game Afoot {Harm rN+++
                  | Str-3 Dex-5}
 64250 | Vaults:3 | Reached skill level 1 in Evocations
 64942 | Vaults:4 | Found a magical portal.
 64948 | WizLab   | Entered Lehudib's Moon Base
 64991 | WizLab   | Found a transporter.
 65290 | WizLab   | Received a gift from Trog
 65291 | WizLab   | Reached XP level 22. HP: 233/233 MP: 21/21
 65853 | WizLab   | Paralysed by a great orb of eyes for 5 turns
 65862 | WizLab   | Gained mutation: You are dopey. (Int -2) [a neqoxec]
 65871 | WizLab   | Gained mutation: You sometimes lose your temper in combat.
                  | [a neqoxec]
 66005 | WizLab   | Lost mutation: You do not regenerate when monsters are
                  | visible. [potion of mutation]
 66005 | WizLab   | Lost mutation: You sometimes lose your temper in combat.
                  | [potion of mutation]
 66005 | WizLab   | Gained mutation: You are somewhat resistant to further
                  | mutation. [potion of mutation]
 66264 | Vaults:4 | Found Oxoef's Distillery.
 66274 | Vaults:4 | Bought a potion of heal wounds for 70 gold pieces
 66274 | Vaults:4 | Bought a potion of might for 56 gold pieces
 66274 | Vaults:4 | Bought a potion of heal wounds for 70 gold pieces
 66274 | Vaults:4 | Bought a potion of resistance for 140 gold pieces
 66274 | Vaults:4 | Bought a potion of heal wounds for 70 gold pieces
 66274 | Vaults:4 | Bought a potion of might for 56 gold pieces
 66274 | Vaults:4 | Bought a potion of haste for 140 gold pieces
 66274 | Vaults:4 | Bought a potion of cancellation for 112 gold pieces
 66358 | Vaults:4 | Reached skill level 5 in Evocations
 66800 | Vaults:4 | Identified the +8 war axe of Distraction {flame, Str+5}
                  | (Trog gifted it to you on level 4 of the Vaults)
 66800 | Vaults:4 | Received a gift from Trog
 67135 | Vaults:4 | Identified the +1 quarterstaff of Bloodstone {flame, rElec}
 67726 | Vaults:4 | Identified the +6 plate armour of Vudosiw {*Corrode Fly
                  | rPois Dex+8}
 68147 | Vaults:5 | Entered Level 5 of the Vaults
 69490 | Vaults:5 | Identified the +10 short sword of Joj Ufen {protect, rF+}
 70289 | Vaults:5 | Identified the +12 long sword of Untimely Demise {elec,
                  | *Rage rF+++ rCorr Stlth+}
 70300 | Vaults:5 | Identified the amulet "Kaupaini" {RegenMP rC++ Stlth+}
 70414 | Vaults:5 | Got a silver rune of Zot
 70441 | Vaults:5 | Identified the +1 leather armour "Firud" {rCorr}
 70507 | Vaults:5 | Reached XP level 23. HP: 240/240 MP: 22/22
 70626 | Vaults:5 | Reached skill level 10 in Evocations
 70714 | Vaults:5 | Noticed an ancient lich
 70728 | Vaults:5 | Killed an ancient lich
 71118 | Vaults:5 | Identified the ring "Eryenasch" {rPois rC+ Int+3 Dex+2}
 71717 | Vaults:5 | Noticed a dread lich
 71729 | Vaults:5 | Killed a dread lich
 72187 | Depths:1 | Entered Level 1 of the Depths
 72384 | Depths:1 | Noticed Sojobo
 72395 | Depths:1 | Killed Sojobo
 72473 | Depths:1 | Received a gift from Trog
 73367 | Depths:1 | Found a one-way gateway to a ziggurat.
 73497 | Depths:1 | Found a gateway to Hell.
 73725 | Depths:1 | Found a broken altar of Ashenzari.
 74133 | Depths:2 | Received a gift from Trog
 74476 | Vaults:1 | You paid a toll of +4 fire dragon scales to enter a
                  | treasure trove
 74477 | Trove    | Entered a treasure trove
 74482 | Trove    | Found the +15 Maxwell's patent armour {-Cast -Tele rElec
                  | Will+ rCorr}
 74484 | Trove    | Identified the +5 ring mail "Deidigao" {Int+2}
 74489 | Trove    | Identified the +0 leather armour of the Black Skies {Dex+4}
 74498 | Trove    | Identified the amulet of Boimuinn {Faith rElec rPois rF-}
 74848 | Depths:2 | Found a one-way gate leading to the halls of Pandemonium.
 75268 | Depths:2 | Paralysed by a vampire knight for 5 turns
 76258 | Depths:2 | Found a one-way gate to the infinite horrors of the Abyss.
 76338 | Depths:2 | Reached XP level 24. HP: 231/249 MP: 22/22
 76585 | Depths:2 | Received a gift from Trog
 76844 | Depths:2 | Noticed a juggernaut
 76858 | Depths:2 | Killed a juggernaut
 77968 | Orc:2    | Bought a scroll of enchant armour for 90 gold pieces
 77968 | Orc:2    | Bought a scroll of enchant armour for 90 gold pieces
 77968 | Orc:2    | Bought a scroll of enchant weapon for 90 gold pieces
 79573 | Depths:3 | Found a glowing silver altar of Zin.
 79694 | Depths:3 | Identified the +9 short sword "Tupriurr" {vorpal, Fragile
                  | rElec SInv} (Trog gifted it to you on level 3 of the
                  | Depths)
 79694 | Depths:3 | Received a gift from Trog
 81873 | Depths:4 | Entered Level 4 of the Depths
 82099 | Depths:4 | Noticed a juggernaut
 82113 | Depths:4 | Killed a juggernaut
 82640 | Depths:4 | Noticed Margery
 82662 | Depths:4 | Killed Margery
 82670 | Depths:4 | Identified the +7 hand axe of Moteec Ajas {flame, rF+ Dex+4
                  | Stlth+} (Trog gifted it to you on level 4 of the Depths)
 82670 | Depths:4 | Received a gift from Trog
 83233 | Depths:4 | Found a runed translucent gate.
 83233 | Depths:4 | Found a runed translucent gate.
 83234 | Depths:4 | Found a runed translucent gate.
 83262 | Depths:4 | Reached XP level 25. HP: 243/257 MP: 22/22
 83510 | Depths:4 | Found a runed translucent gate.
 83510 | Depths:4 | Found a runed translucent gate.
 83515 | Depths:4 | Found a runed translucent gate.
 83523 | Depths:4 | Noticed Vium's ghost (adept DrTm)
 83926 | Depths:4 | Found a runed translucent door.
 83926 | Depths:4 | Found a runed translucent door.
 84308 | Depths:4 | Found a runed translucent door.
 84308 | Depths:4 | Found a runed translucent door.
 84335 | Depths:4 | Found a gate to the Realm of Zot.
 84498 | Depths:4 | Found a runed translucent door.
 84498 | Depths:4 | Found a runed translucent door.
 84994 | Orc:2    | Bought a potion of haste for 100 gold pieces
 84994 | Orc:2    | Bought a potion of resistance for 100 gold pieces
 85128 | D:3      | Bought a scroll of teleportation for 42 gold pieces
 85128 | D:3      | Bought a scroll of teleportation for 42 gold pieces
 85128 | D:3      | Bought a scroll of teleportation for 42 gold pieces
 85128 | D:3      | Bought a scroll of magic mapping for 105 gold pieces
 85826 | Zot:1    | Entered Level 1 of the Realm of Zot
 87376 | Zot:1    | Received a gift from Trog
 89721 | Zot:2    | Identified the +1 robe of Fooh {+Blink rElec MP+9}
 89861 | Zot:3    | Noticed Grunn
 89890 | Zot:3    | Killed Grunn
 90379 | Zot:3    | Reached skill level 27 in Armour
 90379 | Zot:3    | Reached XP level 26. HP: 266/266 MP: 7/22
 90383 | Zot:3    | Reached skill level 15 in Evocations
 92160 | Zot:4    | Received a gift from Trog
 92688 | Zot:4    | Gained mutation: You are frail. (-10% HP) [mutagenic glow]
 92938 | Zot:5    | Entered Level 5 of the Realm of Zot
 92939 | Zot:5    | Found a transporter.
 92968 | Zot:5    | Found a transporter.
 92986 | Zot:5    | Found a transporter.
 92988 | Zot:5    | Found a transporter.
 93056 | Zot:5    | Found a transporter.
 93058 | Zot:5    | Found a transporter.
 93478 | Zot:5    | Noticed an orb of fire
 93480 | Zot:5    | Noticed an orb of fire
 93482 | Zot:5    | Noticed an orb of fire
 93487 | Zot:5    | Noticed an orb of fire
 93488 | Zot:5    | Noticed an orb of fire
 93488 | Zot:5    | Lost mutation: Your spells are a little harder to cast, but
                  | a little more powerful. [an orb of fire]
 93488 | Zot:5    | Noticed an orb of fire
 93491 | Zot:5    | Killed an orb of fire
 93492 | Zot:5    | Killed an orb of fire
 93492 | Zot:5    | Noticed an orb of fire
 93493 | Zot:5    | Noticed an orb of fire
 93496 | Zot:5    | Noticed an orb of fire
 93507 | Zot:5    | Gained mutation: Your magical capacity is low. (-10% MP)
                  | [an orb of fire]
 93964 | Zot:5    | Killed an orb of fire
 94476 | Zot:5    | Noticed an ancient lich
 94493 | Zot:5    | Noticed an ancient lich
 94497 | Zot:5    | Gained mutation: You are very dopey. (Int -4) [an orb of
                  | fire]
 94497 | Zot:5    | Gained mutation: Your magical capacity is very low. (-20%
                  | MP) [an orb of fire]
 94498 | Zot:5    | Killed an orb of fire
 94505 | Zot:5    | Killed an ancient lich
 94513 | Zot:5    | Killed an orb of fire
 94520 | Zot:5    | Killed an ancient lich
 94521 | Zot:5    | Gained mutation: Your spells are a little easier to cast,
                  | but a little less powerful. [an orb of fire]
 94539 | Zot:4    | Killed an orb of fire
 94949 | Zot:5    | Killed an orb of fire
 94959 | Zot:5    | Gained mutation: You are very frail. (-20% HP) [an orb of
                  | fire]
 94979 | Zot:4    | Killed an orb of fire
 94980 | Zot:4    | Reached skill level 27 in Shields
 94982 | Zot:4    | Lost mutation: You are somewhat resistant to further
                  | mutation. [potion of mutation]
 94982 | Zot:4    | Lost mutation: You are very dopey. (Int -4) [potion of
                  | mutation]
 94982 | Zot:4    | Lost mutation: Your body sometimes deteriorates upon taking
                  | damage. [potion of mutation]
 94982 | Zot:4    | Gained mutation: You are agile. (Dex +4, Str/Int -1)
                  | [potion of mutation]
 94982 | Zot:4    | Lost mutation: You are very frail. (-20% HP) [potion of
                  | mutation]
 94982 | Zot:4    | Gained mutation: You passively map a small area around you.
                  | [potion of mutation]
 94983 | Zot:4    | Lost mutation: You passively map a small area around you.
                  | [potion of mutation]
 94983 | Zot:4    | Lost mutation: You are agile. (Dex +4, Str/Int -1) [potion
                  | of mutation]
 94983 | Zot:4    | Lost mutation: You are frail. (-10% HP) [potion of
                  | mutation]
 94983 | Zot:4    | Gained mutation: You have large cloven feet. [potion of
                  | mutation]
 94983 | Zot:4    | Gained mutation: You have a pair of large horns on your
                  | head. [potion of mutation]
 95020 | Zot:4    | Lost mutation: Your magical capacity is very low. (-20% MP)
                  | [potion of mutation]
 95020 | Zot:4    | Lost mutation: Your magical capacity is low. (-10% MP)
                  | [potion of mutation]
 95020 | Zot:4    | Gained mutation: Potions are less effective at restoring
                  | your health. [potion of mutation]
 95020 | Zot:4    | Gained mutation: Your flesh is heat resistant. (rF+)
                  | [potion of mutation]
 95380 | Zot:5    | Gained mutation: You are weak. (Str -2) [an orb of fire]
 95391 | Zot:5    | Gained mutation: Your magical capacity is low. (-10% MP)
                  | [an orb of fire]
 95393 | Zot:5    | Gained mutation: You occasionally shout uncontrollably at
                  | your foes. [an orb of fire]
 95396 | Zot:5    | Killed an orb of fire
 95462 | Zot:5    | Noticed an ancient lich
 95481 | Zot:5    | Killed an ancient lich
 95511 | Zot:5    | Received a gift from Trog
 95808 | Zot:5    | Reached XP level 27. HP: 251/271 MP: 2/19
 96417 | Zot:5    | Got the Orb of Zot
 96925 | D:3      | Noticed Hevox the pandemonium lord
 96995 | D:$      | Escaped with the Orb!

Illustrated notes

Levels and vault maps discovered:
D:1:      dpeg_arrival_tiny_d, layout_basic, ebering_ecumenical_altar_hall,
          minmay_vboxes
D:2:      layout_loops_cross, corner_web_ring, nicolae_hexahallways,
          amcnicky_mini_corridor_feature, minmay_tree_intersection
D:3:      layout_basic, serial_shops, nicolae_shop_hallway_stairs,
          gammafunk_ghost_arena, serial_park_tiny_pond
D:4:      layout_loops_ring, mainiacjoe_overflow_surrounded_room,
          nemelex_diamond_rough_becter, enter_ossuary_2, grunt_ministairs_5
D:5:      layout_loops_ring, kennysheep_ying_yang, gammafunk_ghost_arena,
          uniq_blork_the_orc, uniq_menkaure
D:6:      layout_layer_cave, mainiacjoe_overflow_concentric_impassable,
          minmay_temple_entry_purple_smoke, gup_sewer_entry_bubbles,
          st_stairs_6, palyth_stone_intersect, supply_closet_lemuel
D:7:      layout_cave_pools, minmay_shop_enchanted_jewellery, uniq_pikel
D:8:      layout_rooms, mainiacjoe_overflow_brackets, kiku_gazebo_garden_becter,
          trog_butcher_becter, dpeg_lair_monsters,
          chequers_serial_rivers_room_b, kennysheep_generic_room_13,
          uniq_maurice
D:9:      layout_loops_ring, nicolae_overflow_crystal_walls, david_orc_4,
          columned_hall_lemuel
D:10:     layout_gridville, serial_shops, nicolae_shop_crystal, shop
D:11:     layout_cross, lightli_airlock, uniq_erolcha, uniq_urug, uniq_sonja
D:12:     layout_loops_ring, fiery_altar_vehumet
D:13:     layout_gridville, okawaru_trees_1, uniq_rupert, uniq_frances
D:14:     layout_layer_cave, ximxim_vaults_locker_room,
          amcnicky_mini_pool_small, uniq_louise, uniq_jorgrun
D:15:     grunt_enter_depths_giant_problem, layout_long_grid,
          pdpol_wu_jian_five_deadly_venoms, lemuel_zombie_altar_yredelemnul
Lair:1:   beast_lair_carwin_large_1, layout_cave_pods, basic_altar
Lair:2:   hangedman_what_comes_after_a, layout_chaotic_city,
          elwin_shoals_entry_rooms, ebering_ghost_funeral_grove,
          gauntlet_entry_generic, serial_bayou_pond_b, disabler_island
Lair:3:   layout_chaotic_city, minmay_snake_entry_six_corridors, worms_lemuel
Lair:4:   layout_layer_cave
Lair:5:   gammafunk_lair_ancient_temple, layout_regular_city, slime_entry_1,
          enter_volcano_2, eino_small_chamber_without_monster
Shoals:1: layout_shoals, serial_shops, bzr_entry_customers,
          nicolae_shoals_lost_giant_baths,
          nicolae_shoals_beach_house_on_fowls_legs, uniq_josephine
Shoals:2: layout_shoals
Shoals:3: layout_shoals
Shoals:4: shoals_end_hellmonk_lost_city, uniq_nikola
Snake:1:  layout_concentric_octagons, guppyfry_library_mini,
          serial_bayou_shore_b, serial_bayou_shore_b, uniq_mlioglotl
Snake:2:  layout_basic
Snake:3:  layout_chambers, grunt_ministairs_15
Snake:4:  grunt_snake_rune_spirals, layout_onion,
          gammafunk_ghost_berserking_beasts, nicolae_snake_gridmaze_squiggle,
          uniq_agnes, uniq_asterion
Orc:1:    layout_caves, bloody_makhleb
Orc:2:    st_orc_open, layout_diamond_mine, basic_altar, mines2_lemuel
Elf:1:    elf_arrival_002, layout_onion_city, minmay_elf_crystal_heptagon
Elf:2:    elven_hall_of_blades_hangedman_alternative
          [nicolae_blade_entry_crossed_weapons], layout_loops_cross,
          lemuel_upstairs_altar
Elf:3:    minmay_elf_hall_hex, layout_loops_cross, grunt_ministairs_1,
          minmay_shop_star
Vaults:1: gammafunk_ghost_cemetery, nicolae_vaults_shelves_hall,
          vaults_room_grunt_arrival_ludios, hangedman_vaults_cutoff,
          nicolae_vaults_halls_meeting, v_misc_15, vaults_dpeg_encased_lava,
          ontoclasm_vaults_twist, ontoclasm_vaults_spin, v_alt_pattern_3,
          vaults_dpeg_diagonal, hangedman_vaults_capsules,
          ontoclasm_vaults_ring_square, layout_vaults_omnigrid, enter_trove_3
Vaults:2: st_smaller_cells, v_misc_3, v_misc_1, v_misc_33, vaults_room_fours,
          nicolae_vaults_network_periphery, hangedman_vaults_impose,
          nicolae_vaults_little_squares_1, v_pattern_4, layout_vaults_omnicross
Vaults:3: st_greater_box_4, ontoclasm_vaults_gateway,
          nicolae_vaults_three_branches, v_rooms_4, v_misc_19,
          hangedman_vaults_unwind, nicolae_vaults_theta,
          vaults_room_fancy_cross, minmay_crypt_entry_simple_sparse,
          hangedman_vaults_cutoff, hangedman_vaults_locks,
          nicolae_vaults_little_squares_3, hangedman_vaults_snaps,
          layout_vaults_maze_bifur, serial_shops, nicolae_shop_hallway_stairs
Vaults:4: infiniplex_enter_wizlab_spiral, nicolae_vaults_angled_halls,
          nicolae_vaults_disjoint_gnomons, ontoclasm_vaults_fault, v_misc_23,
          hangedman_vaults_hat, ontoclasm_vaults_tryst,
          nicolae_vaults_specimen_jars, v_pattern_2,
          nicolae_vaults_little_squares_4, ontoclasm_vaults_chip,
          layout_vaults_ring, serial_shops, nicolae_shop_advertising_works
          [nicolae_subvault_shop_adworks]
Vaults:5
Depths:1: layout_honeycomb, enter_ziggurat_f, evilmike_ruin_ashenzari,
          hellmouth_1, nicolae_concentric_dashed_squares_wild,
          onia_ninara_cookie, uniq_sojobo
Depths:2: grunt_bent_corner, layout_gridville, grunt_hell_entry_dis_mu,
          nicolae_sextant, abyss_entry, grunt_pan_entry_in_and_out,
          infiniplex_staircase_pool_2
Depths:3: nicolae_cairo_tiling_large, layout_gridville, abyss_entry, hell_entry,
          zin_angel, infiniplex_staircase_zigzag_4, serial_bayou_shore_b
Depths:4: evilmike_zot_entry_castle, layout_cave_shapes, abyss_entry,
          ploomutoo_gammafunk_ghost_potion_laboratory, pf_hell_entry_tar_spiral,
          minmay_checkered_concentric_circles, uniq_margery
Zot:1:    kennysheep_blocky_hall, layout_misc_corridors
Zot:2:    grunt_twist_and_shout, layout_concentric_octagons
Zot:3:    layout_gridlike, uniq_grunn
Zot:4:    layout_gridlike
Zot:5:    layout_basic, serial_nicolae_subway, nicolae_sub_station_stone,
          nicolae_sub_station_metal, nicolae_sub_station_crystal

Skill      XL: |  1  2  3  4  5  6  7  8  9 10 11 12 13 14 15 16 17 18 19 20 21 22 23 24 25 26 |
---------------+-------------------------------------------------------------------------------+-----
Fighting       | 4 5 6 7 8 10 11 12 14 16 18 19 21 23 24 26 27 | 27.0
Axes           | 4 5 6 8 9 11 13 15 16 | 16.0
Armour         | 3 4 5 6 8 9 10 12 13 14 15 16 17 18 19 20 21 22 23 25 27 | 27.0
Dodging        | 3 4 6 7 8 9 11 12 13 15 16 17 18 19 20 22 23 25 | 25.9
Shields        | 5 9 12 14 16 17 18 19 20 21 22 23 24 25 27 | 27.0
Evocations     | 4 9 12 13 14 17 | 17.5

Action                   |  1- 3 |  4- 6 |  7- 9 | 10-12 | 13-15 | 16-18 | 19-21 | 22-24 | 25-27 || total
-------------------------+-------+-------+-------+-------+-------+-------+-------+-------+-------++-------
Melee: Hand axe          |   101 |    48 |   248 |   383 |       |       |       |       |       ||   780
       Headbutt          |     8 |    12 |    46 |   183 |   282 |   384 |   472 |   756 |   611 ||  2754
       Punch             |     1 |       |     1 |     8 |       |       |       |       |       ||    10
       War axe           |       |    57 |       |   277 |  1020 |   890 |   914 |  1296 |  1082 ||  5536
       Executioner's axe |       |       |       |    11 |       |       |       |       |       ||    11
       Spear             |       |       |       |       |    19 |       |       |       |       ||    19
       Broad axe         |       |       |       |       |     8 |   458 |   586 |   589 |   530 ||  2171
Throw: Stone             |       |     2 |     6 |    14 |    34 |    22 |     3 |     1 |       ||    82
Invok: Berserk           |     3 |     5 |     9 |    15 |     6 |     9 |     7 |    10 |     7 ||    71
       Trog's Hand       |       |     2 |     2 |     1 |     5 |     8 |    10 |     9 |     2 ||    39
       Brothers in Arms  |       |       |       |       |     2 |       |     3 |     2 |    11 ||    18
 Abil: Evoke Blink       |       |       |       |       |       |       |       |       |     3 ||     3
Evoke: Wand              |       |       |       |     3 |     3 |       |     3 |     1 |    17 ||    27
  Use: Scroll            |       |     9 |     8 |    12 |    10 |     6 |     3 |     8 |     9 ||    65
       Potion            |       |       |       |     7 |       |       |     5 |     6 |    18 ||    36
 Stab: Distracted        |       |       |       |     1 |     1 |       |     2 |       |     2 ||     6
       Invisible         |       |       |       |       |       |       |       |       |     1 ||     1
Armor: Animal skin       |     5 |       |       |       |       |       |       |       |       ||     5
       Leather armour    |     6 |       |       |       |       |       |       |       |       ||     6
       Ring mail         |    11 |    14 |       |       |       |       |       |       |       ||    25
       Scale mail        |       |    13 |    77 |   119 |   208 |   263 |   240 |    88 |       ||  1008
       Fire dragon scale |       |       |       |       |     5 |       |       |       |       ||     5
       Storm dragon scal |       |       |       |       |       |       |       |   228 |   287 ||   515
       Gold dragon scale |       |       |       |       |       |       |       |       |   138 ||   138
Dodge: Dodged            |    51 |    47 |   104 |   283 |   413 |   388 |   376 |   556 |   625 ||  2843
Block: Other             |       |       |       |    19 |       |       |       |       |       ||    19
       Reflection        |       |       |       |     2 |    37 |   220 |   123 |    51 |    22 ||   455
       Kite shield       |       |       |       |   128 |   644 |       |       |       |       ||   772
       Tower shield      |       |       |       |       |    37 |  1466 |  1225 |  1857 |  1761 ||  6346
